 Dungeon Crawl Stone Soup version 0.18.1-50-g88ac8fd (webtiles) character file.

1122 Drunkenshrew the Skirmisher (level 8, -5/97 HPs)
             Began as a Human Fighter on Oct 4, 2016.
             Was a Believer of Okawaru.
             Slain by Duvessa
             ... wielding a +0 short sword
              (11 damage)
             ... on level 5 of the Dungeon.
             The game lasted 00:15:14 (3438 turns).

Drunkenshrew the Skirmisher (Human Fighter)         Turns: 3438, Time: 00:15:14

Health: -5/97      AC:  9    Str: 21    XL:     8   Next: 61%
Magic:  12/12      EV: 11    Int:  9    God:    Okawaru [**....]
Gold:   229        SH:  0    Dex: 15    Spells: 1 memorised, 10 levels left

rFire  . . .     SeeInvis .     e - +4 halberd
rCold  . . .     Gourm    .     y - +0 troll leather armour {Purgy}
rNeg   . . .     Faith    .     (shield currently unavailable)
rPois  .         Spirit   .     (no helmet)
rElec  .         Dismiss  .     t - +0 cloak
rCorr  .         Reflect  .     v - +2 pair of gloves
SustAt .         Harm     .     (no boots)
MR     +....                    (no amulet)
Stlth  ..........               x - ring of wizardry
                                k - ring of protection from magic

@: berserking, lethally poisoned (-5 -> -6), very quick, somewhat resistant to
hostile enchantments, extremely unstealthy
A: no striking features
a: Heroism, Renounce Religion


You were on level 5 of the Dungeon.
You worshipped Okawaru.
Okawaru was pleased with you.
You were not hungry.

You visited 1 branch of the dungeon, and saw 5 of its levels.
You also visited: Ossuary.

You collected 229 gold pieces.

Inventory:

Hand Weapons
 e - a +4 halberd (weapon)
Missiles
 p - 44 bolts
 q - 73 arrows
Armour
 c - a +0 shield
 t - a +0 cloak (worn)
 v - a +2 pair of gloves (worn)
 y - a +0 troll leather armour (worn) {Purgy}
Jewellery
 k - a ring of protection from magic (left hand)
 x - a ring of wizardry (right hand)
Scrolls
 b - a scroll of teleportation
 C - a scroll of fog
Potions
 a - a potion of lignification {unknown}
 d - a potion of might
 h - a potion of cancellation
 l - 4 potions of mutation {unknown}
 m - 3 potions of invisibility
 n - 2 potions of brilliance
 r - 6 potions of degeneration {unknown}
 s - a potion of berserk rage
 u - 3 potions of heal wounds {unknown}
 w - 4 potions of curing {unknown}
 z - 3 potions of flight {unknown}
 A - 2 potions of haste
 D - a potion of beneficial mutation {unknown}
 E - a potion of magic {unknown}
Books
 i - a Young Poisoner's Handbook

   Spells                             Type                      Level
   a - Sting                          Conjuration/Poison           1
   b - Cure Poison                    Poison                       2
   c - Mephitic Cloud                 Conjuration/Poison/Air       3
   d - Olgreb's Toxic Radiance        Poison                       4
   e - Venom Bolt                     Conjuration/Poison           5
Comestibles
 f - 2 bread rations
 g - 2 fruits
 j - 2 chunks of flesh
 o - 3 meat rations


   Skills:
 - Level 6.4 Fighting
   Level 2.0(3.3) Axes
 + Level 4.2(4.4) Polearms
 - Level 5.0 Armour
 - Level 1.1 Dodging
 - Level 3.2 Shields
 * Level 2.9 Spellcasting
 + Level 2.3 Poison Magic


You had 10 spell levels left.
You knew the following spells:

 Your Spells              Type           Power        Failure   Level  Hunger
a - Cure Poison           Pois           #.........   9%          2    ###....


Dungeon Overview and Level Annotations

Branches:
Dungeon (5/15)
 Temple: D:4-7

Altars:
Ashenzari
Okawaru
Vehumet
Yredelemnul

Annotations:
D:5 Duvessa


Message History

You feel sick. Duvessa hits you but does no damage.
You feel sick.
You feel sick.
You feel sick. Duvessa hits you but does no damage.
There is an open door here.
You feel sick.
You feel sick. Duvessa hits you with a short sword.
* * * LOW HITPOINT WARNING * * *
Drink which item? (? for menu, Esc to quit)
A red film seems to cover your vision as you go berserk!
You feel yourself moving faster!
You feel mighty!
You feel sick. Duvessa hits you but does no damage.
You puncture Duvessa!
Duvessa is heavily wounded.
You feel sick. Duvessa closely misses you. Duvessa hits you with a short sword.
* * * LOW HITPOINT WARNING * * *
You slash Duvessa!
Duvessa is heavily wounded.
You feel sick. Duvessa hits you with a short sword!
You die...

... ### ### .. #.. ).# .#
#######.# #.# ###.## #
#.....#.# #.# #.)).#>#
#.###.#.#######.# #.)....#
##.#.........<##.####+#...##.#
#........#######'##........# #
.....#...# #.)..@e'......^.#
(.#......# #......#........#
...รท.....# #?.....#........+
......#..###......#........#
..#...#.##.....####.########
........##.....# #.#
...###.###.....# #.# .##
#...).....# #.# . #####...).#
#.


You could see Duvessa (berserk).

Vanquished Creatures
  The ghost of Drunkenshrew the Skirmisher, an amateur DrSk (D:3)
  2 sky beasts (D:5)
  Purgy (D:3)
  Dowan (D:5)
  A giant frog zombie (D:5)
  A crimson imp (D:3)
  A human zombie (Ossuary)
  An orc priest (D:5)
  A hound (D:4)
  A centaur zombie (Ossuary)
  A giant frog skeleton (D:4)
  An orc wizard (D:5)
  A worker ant (D:5)
  2 iguanas (D:4)
  A big kobold zombie (Ossuary)
  5 mummies (Ossuary)
  A gnoll (D:1)
  7 adders
  An ooze (D:1)
  2 worms
  2 dart slugs (D:2)
  A giant gecko (D:4)
  9 orcs
  7 bats
  3 giant cockroaches
  4 goblins
  6 hobgoblins
  13 jackals
  3 kobolds
  A quokka (D:5)
  2 ball pythons
  3 giant newts
  A goblin zombie (Ossuary)
  2 kobold zombies (Ossuary)
  2 orc zombies (Ossuary)
  11 rats
103 creatures vanquished.

Notes
Turn   | Place    | Note
--------------------------------------------------------------
     0 | D:1      | Drunkenshrew the Human Fighter began the quest for the Orb.
     0 | D:1      | Reached XP level 1. HP: 18/18 MP: 1/1
    51 | D:1      | Reached XP level 2. HP: 18/24 MP: 2/2
   251 | D:1      | Reached XP level 3. HP: 26/29 MP: 3/3
   920 | D:2      | Reached skill level 4 in Fighting
   920 | D:2      | Reached skill level 1 in Polearms
   920 | D:2      | Reached XP level 4. HP: 35/37 MP: 4/4
  1313 | D:3      | Noticed Purgy
  1318 | D:3      | Killed Purgy
  1318 | D:3      | Reached XP level 5. HP: 39/43 MP: 5/5
  1348 | D:3      | Reached XP level 6. HP: 50/50 MP: 6/6
  1464 | D:3      | Reached skill level 5 in Fighting
  1476 | D:3      | Found an iron altar of Okawaru.
  1479 | D:3      | Found a basalt altar of Yredelemnul.
  1484 | D:3      | Found a radiant altar of Vehumet.
  1505 | D:3      | Became a worshipper of Warmaster Okawaru
  1600 | D:3      | Found a shattered altar of Ashenzari.
  1909 | D:3      | Noticed Drunkenshrew's ghost (amateur DrSk)
  1922 | D:3      | Killed Drunkenshrew's ghost
  1922 | D:3      | Reached XP level 7. HP: 42/57 MP: 7/7
  1990 | D:3      | Reached * piety under Okawaru
  1990 | D:3      | Reached skill level 6 in Fighting
  2987 | D:5      | Entered Level 5 of the Dungeon
  2990 | D:5      | Found a sand-covered staircase.
  3022 | D:5      | Learned a level 2 spell: Cure Poison
  3023 | Ossuary  | Entered an ossuary
  3042 | Ossuary  | Reached skill level 5 in Armour
  3081 | Ossuary  | Reached skill level 1 in Dodging
  3081 | Ossuary  | Reached XP level 8. HP: 61/65 MP: 8/8
  3134 | Ossuary  | Reached skill level 1 in Poison Magic
  3268 | D:5      | Reached skill level 1 in Spellcasting
  3330 | D:5      | Noticed Dowan
  3395 | D:5      | Noticed Duvessa
  3414 | D:5      | Reached ** piety under Okawaru
  3423 | D:5      | Killed Dowan
  3438 | D:5      | Slain by Duvessa

Skill      XL: |  1  2  3  4  5  6  7  8 |
---------------+-------------------------+-----
Fighting       | 4 5 6 |  6.4
Polearms       | 1 2 3 4 |  4.2
Armour         | 4 5 |  5.0
Dodging        | 1 |  1.1
Poison Magic   | 2 |  2.3
Spellcasting   | 2 |  2.9
Axes           | |  2.0
Shields        | |  3.2

Action                   |  1- 3 |  4- 6 |  7- 9 || total
-------------------------+-------+-------+-------++-------
Melee: War axe           |     7 |       |       ||     7
       Halberd           |    56 |   114 |   167 ||   337
  Use: Potion            |       |     1 |     1 ||     2
       Scroll            |       |     7 |     9 ||    16
  Eat: Chunk             |       |     4 |     4 ||     8
       Fruit             |       |       |     1 ||     1
Armor: Scale mail        |    42 |    58 |    40 ||   140
       Troll leather arm |       |       |    32 ||    32
Dodge: Dodged            |    52 |    58 |    66 ||   176
Block: Shield            |     1 |       |       ||     1
